 Dungeon Crawl Stone Soup version 0.27-a0-1105-g946c659c87 (webtiles) character file.

Game seed: 10732294800210033700

65 tardwrangler69 the Gusty (level 3, -3/16 HPs)
             Began as a Spriggan Air Elementalist on Apr 29, 2021.
             Slain by a worm (10 damage)
             ... on level 2 of the Dungeon.
             The game lasted 00:03:15 (2302 turns).

tardwrangler69 the Gusty (SpAE)                     Turns: 2302, Time: 00:03:15

Health: -3/16      AC:  2    Str:  4    XL:     3   Next: 94%
Magic:  6/8        EV: 17    Int: 17    God:
Gold:   59         SH:  5    Dex: 15    Spells: 6/7 levels left

rFire    . . .     SeeInvis +   b - +0 dagger
rCold    . . .     Faith    .   (shield restricted)
rNeg     . . .     Spirit   .   a - +0 robe
rPois    .         Reflect  +   (helmet restricted)
rElec    .         Harm     .   (no cloak)
rCorr    .         Rampage  .   (gloves unavailable)
Will     .....                  (boots unavailable)
Stlth    ++........             g - amulet of reflection
HPRegen  0.05/turn              (no ring)
MPRegen  0.11/turn              (no ring)

@: very quick
A: very small, no large weapons, unfitting armour, see invisible, speed 3
a: no special abilities


You were on level 2 of the Dungeon.
You visited 1 branch of the dungeon, and saw 2 of its levels.

You collected 59 gold pieces.

Inventory:

Hand Weapons
 b - a +0 dagger (weapon)
Armour
 a - a +0 robe (worn)
Jewellery
 g - an amulet of reflection (around neck)
Scrolls
 c - a scroll of fear {unknown}
 e - 2 scrolls of teleportation {unknown}
Potions
 d - a potion of degeneration {unknown}
 f - a potion of brilliance {unknown}
 h - a potion of haste {unknown}


   Skills:
 - Level 2.6 Dodging
 - Level 3.0 Stealth
 - Level 2.6 Spellcasting
 - Level 0.6 Conjurations
 * Level 4.4 Air Magic


You had 6 spell levels left.
You knew the following spells:

 Your Spells              Type           Power      Damage    Failure   Level
a - Shock                 Conj/Air       40%        1d5       6%          1

Your spell library contained the following spells:

 Spells                   Type           Power      Damage    Failure   Level
 Swiftness                Air            17%        N/A       9%          3
 Static Discharge         Conj/Air       10%        N/A       10%         2
 Airstrike                Air            8%         N/A       28%         4
 Lightning Bolt           Conj/Air       5%         1d17      87%         5


Dungeon Overview and Level Annotations

Branches:
Dungeon (2/15)

Altars:


Innate Abilities, Weirdness & Mutations

You are very small and have problems with some larger weapons.
You are too small for most types of armour.
You have supernaturally acute eyesight. (SInv)
You cover ground extremely quickly. (Speed+++)


Message History

Press: ? - help, Shift-Dir - straight line, f/p - worm
Aim: a worm (heavily wounded, 89% to hit)
The zap hits the worm.
The worm is heavily wounded.
Casting: Shock (safe; 6% risk of failure)
Confirm with . or Enter, or press ? or * to list all spells.
You don't have enough magic to cast this spell.
Casting: Shock (safe; 6% risk of failure)
Confirm with . or Enter, or press ? or * to list all spells.
You don't have enough magic to cast this spell.
Casting: Shock (safe; 6% risk of failure)
Confirm with . or Enter, or press ? or * to list all spells.
You don't have enough magic to cast this spell.
There is a stone staircase leading up here.
You climb upwards.
There is a stone staircase leading down here.
You start resting.
Magic restored.
You start waiting.
Done waiting.
You climb downwards.
The worm bites you!
Ouch! That really hurt!
There is a stone staircase leading up, spattered with blood here.
Casting: Shock (safe; 6% risk of failure)
Confirm with . or Enter, or press ? or * to list all spells.
Aiming: Shock (safe; 6% risk of failure)
Press: ? - help, Shift-Dir - straight line, f - worm
Aim: a worm (89% to hit)
The zap hits the worm.
The worm is moderately wounded.
Casting: Shock (safe; 6% risk of failure)
Confirm with . or Enter, or press ? or * to list all spells.
Aiming: Shock (safe; 6% risk of failure)
Press: ? - help, Shift-Dir - straight line, f/p - worm
Aim: a worm (moderately wounded, 89% to hit)
The zap hits the worm.
The worm is moderately wounded.
The worm bites you!
Ouch! That really hurt!
You die...

##.#........#......#.# #.###.
...#÷######........#.####....
.#.....####.............#..#
.#.#.#.#.>.##...#.##.##.#..######
.#.#.#.'.............#..........#
...#.###...###..........#.#####.#
.....# #...###.....#...##.......#
.##### #...............###.###..#
.# #........@.....##...#....# )#
#........w........###.#.## .#
####..........÷#..#.#.#.# ÷#
#...........#..#...#.## .#
#.........#.#..###.#... .####
#####'#...#.#......###.
....###########)###.#...########.
###.##.......##.÷...##....##.....
..#.##.#####...###..#...#.##.####


You could see a worm.

Vanquished Creatures
  2 adders
  2 dart slugs
  4 bats (D:1)
  4 endoplasms
  4 goblins
  6 hobgoblins
  3 jackals (D:2)
  3 quokkas
  4 ball pythons
  4 frilled lizards (D:2)
  5 kobolds
41 creatures vanquished.

Notes
Turn   | Place    | Note
-------+----------+-------------------------------------------
     0 | D:1      | tardwrangler69 the Spriggan Air Elementalist began the
                  | quest for the Orb.
     0 | D:1      | Reached XP level 1. HP: 9/9 MP: 5/5
   217 | D:1      | Reached skill level 3 in Air Magic
   341 | D:1      | Reached XP level 2. HP: 13/13 MP: 2/6
  1363 | D:2      | Reached XP level 3. HP: 16/16 MP: 5/8
  1460 | D:1      | Reached skill level 4 in Air Magic
  2302 | D:2      | Slain by a worm

Illustrated notes

Levels and vault maps discovered:
D:1:      amcnicky_arrival_single_pillar, layout_loops_ring
D:2:      layout_basic, nrook_mini_backslash, uniq_sigmund

Skill      XL: |  1  2  3 |
---------------+----------+-----
Air Magic      | 3 4 |  4.4
Dodging        | |  2.6
Stealth        | |  3.0
Spellcasting   | |  2.6
Conjurations   | |  0.6

Action                   || total
-------------------------++-------
Melee: Unarmed           ||     1
       Dagger            ||     2
 Cast: Shock             ||   120
Armor: Robe              ||     2
Dodge: Dodged            ||    18
Block: Other             ||     3

Table legend: (Time is in decaauts)
 A = Elapsed time spent in this place.
 B = Non-inter-level travel time spent in this place.
 C = Inter-level travel time spent in this place.
 D = Time resting spent in this place.
 E = Time spent auto-exploring this place.
 F = Levels seen in this place.
 G = Mean time per level.
                   A        B        C        D        E       F      G
               +--------+--------+--------+--------+--------+-----+--------+
         Total |   1893 |   1863 |     30 |    209 |   1376 |   2 |  946.5 |
       Dungeon |   1893 |   1863 |     30 |    209 |   1376 |   2 |  946.5 |
               +--------+--------+--------+--------+--------+-----+--------+

Top non-repeatable levels by time:
     D:1: 1240 daAuts
     D:2: 653 daAuts
